 Dungeon Crawl Stone Soup version 0.26.1-11-gd32895ea62 (webtiles) character file.

Game seed: 16360229249308372813

100 GenialerGandalf the Skirmisher (level 4, -3/40 HPs)
             Began as a Hill Orc Fighter on Apr 19, 2021.
             Slain by a sky beast (5 damage)
             ... on level 5 of the Dungeon.
             The game lasted 00:06:53 (1508 turns).

GenialerGandalf the Skirmisher (Hill Orc Fighter)   Turns: 1508, Time: 00:06:53

Health: -3/40      AC:  7    Str: 19    XL:     4   Next: 74%
Magic:  4/4        EV:  7    Int:  8    God:
Gold:   65         SH:  9    Dex: 10    Spells: 3/3 levels left

rFire    . . .     SeeInvis .   a - +0 war axe
rCold    . . .     Faith    .   c - +0 kite shield
rNeg     . . .     Spirit   .   b - +0 scale mail
rPois    .         Reflect  .   (no helmet)
rElec    .         Harm     .   (no cloak)
rCorr    .         Rampage  .   (no gloves)
Will     .....                  (no boots)
Stlth    ..........             (no amulet)
HPRegen  0.13/turn              (no ring)
MPRegen  0.09/turn              (no ring)

@: no status effects
A: no striking features
a: no special abilities


You were on level 5 of the Dungeon.
You visited 2 branches of the dungeon, and saw 6 of its levels.

You collected 65 gold pieces.

Inventory:

Hand Weapons
 a - a +0 war axe (weapon)
Armour
 b - a +0 scale mail (worn)
 c - a +0 kite shield (worn)
Jewellery
 j - an uncursed amulet of guardian spirit {unknown}
Wands
 m - a wand of flame (9)
Scrolls
 e - a scroll of identify {unknown}
 f - a scroll of fog {unknown}
 h - a scroll of random uselessness {unknown}
 i - a scroll of magic mapping {unknown}
 k - a scroll of amnesia {unknown}
 n - a scroll of teleportation {unknown}
Potions
 d - a potion of might
 g - 2 potions of curing {unknown}
 l - 2 potions of haste {unknown}


   Skills:
 + Level 4.3 Fighting
 + Level 3.8 Axes
 + Level 4.0 Armour
 + Level 0.5 Dodging
 + Level 4.1 Shields


You had 3 spell levels left.
You didn't know any spells.
Your spell library was empty.

Dungeon Overview and Level Annotations

Branches:
Dungeon (5/15)             Temple (1/1) D:5

Altars:
Cheibriados
Elyvilon
Hepliaklqana
Kikubaaqudgha
Makhleb
Qazlal
Ru
Trog
Uskayaw
Vehumet
Wu Jian
Xom
Yredelemnul
Zin
The Shining One


Message History

You closely miss the sky beast.
The sky beast is lightly wounded.
The sky beast hits you but does no damage.
The sky beast barely misses you.
You hit the sky beast.
The sky beast is moderately wounded.
The sky beast flickers out of sight!
Deactivating autopickup; reactivate with Ctrl-A.
Something hits you. Something shocks you.
You closely miss something. Something hits you but does no damage.
Something hits you. Something shocks you.
* * * LOW HITPOINT WARNING * * *
You barely miss something. Something hits you.
* * * LOW HITPOINT WARNING * * *
Something shocks you.
* * * LOW HITPOINT WARNING * * *
You barely miss something. Something hits you.
* * * LOW HITPOINT WARNING * * *
Something shocks you.
You die...

#........# #......[.#
##### #........#
####...# #........#
#......# #........#
##.P.P..# #........#
#...>...# #.{......#
##..P.P..######.@......#
..<..........(....(....#
#####.##################
#.# #.# #.# #.# #.# #.#


There were no monsters in sight!

Vanquished Creatures
  A hound (D:4)
  An orc wizard (D:3)
  A worm (D:2)
  2 dart slugs (D:3)
  2 leopard geckos (D:3)
  5 orcs (D:3)
  4 bats (D:3)
  A giant cockroach (D:3)
  2 goblins
  A hobgoblin (D:1)
  6 kobolds
  A quokka (D:4)
  2 frilled lizards
  A quokka zombie (D:2)
  2 rats (D:3)
32 creatures vanquished.

Notes
Turn   | Place    | Note
-------+----------+-------------------------------------------
     0 | D:1      | GenialerGandalf the Hill Orc Fighter began the quest for
                  | the Orb.
     0 | D:1      | Reached XP level 1. HP: 19/19 MP: 1/1
    84 | D:3      | Reached XP level 2. HP: 15/27 MP: 2/2
   305 | D:3      | Reached XP level 3. HP: 10/33 MP: 3/3
   735 | D:3      | Reached XP level 4. HP: 8/40 MP: 4/4
  1286 | D:5      | Entered Level 5 of the Dungeon
  1286 | D:5      | Found a staircase to the Ecumenical Temple.
  1293 | Temple   | Entered the Ecumenical Temple
  1493 | D:5      | Noticed a sky beast
  1508 | D:5      | HP: 2/40 [something (2)]
  1508 | D:5      | Slain by a sky beast

Illustrated notes

Levels and vault maps discovered:
D:1:      nzn_arrival_crosshair, layout_basic
D:2:      layout_loops_ring, led_sif_pool, uniq_robin
D:3:      layout_basic, okawaru_gym_becter, chequers_ecumenical_altar_grove
D:4:      gammafunk_steamed_eel, layout_basic, lemuel_crystal_altar,
          minmay_overflow_temple_star_quad, cheibrodos_sewer_entry_bend,
          gammafunk_ghost_necromancy, uniq_natasha, uniq_blork_the_orc
D:5:      layout_basic, minmay_temple_entry_trees, uniq_edmund
Temple:   regret_index_temple_waves

Skill      XL: |  1  2  3  4 |
---------------+-------------+-----
Fighting       | 4 |  4.3
Axes           | 3 |  3.8
Shields        | 4 |  4.1
Armour         | 4 |  4.0
Dodging        | |  0.5

Action                   |  1- 3 |  4- 6 || total
-------------------------+-------+-------++-------
Melee: War axe           |    57 |    33 ||    90
Armor: Scale mail        |    47 |    26 ||    73
Dodge: Dodged            |    28 |    13 ||    41
Block: Kite shield       |    71 |    13 ||    84
